 Dungeon Crawl Stone Soup version 0.14-a0-1499-g388a102 (webtiles) character file.

36 July the Sneak (level 2, 0/13 HPs)
             Began as a Spriggan Enchanter on Dec 15, 2013.
             Slain by a hobgoblin
             ... wielding a +0,+0 short sword
              (1 damage)
             ... on Level 1 of the Dungeon.
             The game lasted 00:04:08 (1177 turns).

July the Sneak (Spriggan Enchanter)                 Turns: 1177, Time: 00:04:09

HP   0/13        AC  3     Str  4      XL: 2   Next: 82%
MP   7/7         EV 18     Int 16      God:
Gold 11          SH  0     Dex 16      Spells:  1 memorised,  5 levels left

rFire  . . .     SeeInvis +     a - +1 dagger
rCold  . . .     Clarity  .     b - +1 robe
rNeg   . . .     Conserve .     (shield restricted)
rPois  .         rCorr    .     (helmet restricted)
rElec  .         rRot     .     (no cloak)
SustAb . .       Spirit   .     (gloves unavailable)
rMut   .         Warding  .     (boots unavailable)
Saprov . . .     Stasis   .     (no amulet)
                                (no ring)
                                (no ring)

@: very quick, slightly resistant to hostile enchantments, quite stealthy
A: unfitting armour, see invisible, herbivore 3, speed 3, slow metabolism 2
a: no special abilities


You were on level 1 of the Dungeon.
You were not hungry.

You visited 1 branch of the dungeon, and saw 1 of its levels.

You collected 11 gold pieces.

Inventory:

Hand weapons
 a - a +1,+1 dagger (weapon)
Missiles
 d - 24 darts (quivered)
Armour
 b - a +1 robe (worn)
 i - a +0 robe
Comestibles
 l - a choko
Scrolls
 f - a scroll of curse weapon {unknown}
 g - a scroll of teleportation {unknown}
 h - a scroll of identify {unknown}
 k - a scroll of noise {unknown}
 n - a scroll of blinking {unknown}
Potions
 e - a potion of porridge
 j - a potion of heal wounds {unknown}
 m - a potion of speed {unknown}
Books
 c - a book of Maledictions

   Spells                             Type                      Level
   *Corona                            Hexes                        1
   Sure Blade                         Hexes/Charms                 2
   Ensorcelled Hibernation            Hexes/Ice                    2
   Confuse                            Hexes                        3
   Enslavement                        Hexes                        4
   Invisibility                       Hexes                        6


   Skills:
 - Level 1.1 Short Blades
 - Level 1.1 Throwing
 - Level 3.0 Dodging
 + Level 5.3 Stealth
 - Level 2.6 Spellcasting
 - Level 3.6 Hexes


You had 5 spell levels left.
You knew the following spells:

 Your Spells              Type           Power        Failure   Level  Hunger
a - Corona                Hex            ##.....      6%          1    #......


Dungeon Overview and Level Annotations

Branches:
Dungeon (1/16)

Altars:


Innate Abilities, Weirdness & Mutations

You are tiny and cannot use many weapons and most armour.
You have supernaturally acute eyesight.
You are a herbivore.
You cover ground extremely quickly.
You need consume almost no food.


Message History

A hobgoblin comes into view. It is wielding a short sword.
A hobgoblin is nearby!
You barely miss the hobgoblin.
The hobgoblin hits you with a short sword.
You hit the hobgoblin but do no damage. The hobgoblin barely misses you.
You hit the hobgoblin.
The hobgoblin is lightly wounded.
The hobgoblin hits you with a short sword.
You hit the hobgoblin.
The hobgoblin is moderately wounded.
The hobgoblin closely misses you.
You barely miss the hobgoblin.
The hobgoblin is moderately wounded.
The hobgoblin hits you with a short sword!
Ouch! That really hurt!
* * * LOW HITPOINT WARNING * * *
You hit the hobgoblin.
The hobgoblin is heavily wounded.
The hobgoblin hits you with a short sword.
You die...

##### ....# ###># #############
#.# ########...........# #.#
#....g@.....######.# ..#%#
#.##.###.##.## #.#
..#.#######.##.# #.....#####.####
..#.........##.###.##...........#
.....#########.....##..######.#.#
..#..............#.##..######.#.#
.....#############.........##.#>#
......## ##.###...#..###.##.#.#
.....%.#####.............#.##.#.#


You could see a hobgoblin.

Vanquished Creatures
  3 bats (D:1)
  2 giant cockroaches (D:1)
  A hobgoblin (D:1)
  6 jackals (D:1)
  A giant newt (D:1)
  4 goblins (D:1)
  3 kobolds (D:1)
  4 rats (D:1)
24 creatures vanquished.

Notes
Turn   | Place    | Note
--------------------------------------------------------------
     0 | D:1      | July, the Spriggan Enchanter, began the quest for the Orb.
     0 | D:1      | Reached XP level 1. HP: 9/9 MP: 4/4
   248 | D:1      | Reached skill level 4 in Stealth
   252 | D:1      | Reached XP level 2. HP: 4/13 MP: 7/7
   671 | D:1      | Reached skill level 5 in Stealth
  1177 | D:1      | Slain by a hobgoblin

Action                   || total
-------------------------++-------
Melee: Dagger            ||   142
 Stab: Sleeping          ||     2
